 Dungeon Crawl Stone Soup version 0.28-a0-268-g3f656e82c2 (webtiles) character file.

Game seed: 14674772647581074898

17974 psellion the Covert (level 12, -1/77 HPs)
             Began as an Octopode Monk on Aug 30, 2021.
             Was an Initiate of Gozag.
             Slain by a boulder beetle (17 damage)
             ... on level 3 of the Lair of Beasts.
             The game lasted 00:59:33 (12754 turns).

psellion the Covert (Octopode Monk)                Turns: 12754, Time: 00:59:34

Health: -1/77      AC:  1    Str: 14    XL:     12   Next: 53%
Magic:  0/21       EV: 18    Int: 19    God:    Gozag
Gold:   2414       SH:  0    Dex: 18    Spells: 16/23 levels left

rFire   + + .      SeeInvis .   f - +2 dagger (vamp)
rCold   . . .      Faith    .   (no shield)
rNeg    + . .      Spirit   +   a - +0 hat
rPois   +          Reflect  .   G - amulet of guardian spirit
rElec   .          Harm     .   k - ring of Mysticism {rPois rF+ Slay+6 Stlth-}
rCorr   +          Rampage  .   l - ring of the Louse {rCorr Str+3 Int+6 Slay+5 Stlth-}
Will    .....                   n - ring of protection from fire
Stlth   +.........              E - ring of positive energy
HPRegen 0.22/turn               (no ring)
MPRegen 0.17/turn               (no ring)
                                (no ring)
                                (no ring)

@: confused, about to teleport, ambrosia-drunk
A: almost no armour, amphibious, 8 rings, camouflage 1, gelatinous body 1,
(nimble swimmer 1), tentacles
a: Renounce Religion, Potion Petition, Call Merchant, Bribe Branch


You were on level 3 of the Lair of Beasts.
You worshipped Gozag.
Gozag was most pleased with you.
You visited 3 branches of the dungeon, and saw 14 of its levels.
You also visited: Sewer and Ice Cave.

You collected 2414 gold pieces.

Inventory:

Hand Weapons
 f - a +2 vampiric dagger (weapon)
 g - a +2 short sword of draining
 B - a +2 short sword of protection
 D - the +5 rapier of Histrionic Guilt {vorpal, *Rage Str+3 Int+4}
   (You found it on level 7 of the Dungeon)

   It inflicts extra damage upon your enemies.
   Str:       It affects your strength (+3).
   Int:       It affects your intelligence (+4).
   *Rage:     It may make you go berserk in combat.
 M - a +3 scimitar of flaming
Missiles
 o - 8 datura-tipped darts
 z - 8 boomerangs
 A - 30 poisoned darts (quivered)
Armour
 a - a +0 hat (worn)
Magical Staves
 h - a staff of death
Jewellery
 k - the ring of Mysticism (left tentacle) {rPois rF+ Slay+6 Stlth-}
   (You acquired it on level 4 of the Dungeon)

   [ring of protection from fire]

   Slay:      It affects your accuracy & damage with ranged weapons and melee
   (+6).
   rF:        It protects you from fire.
   rPois:     It protects you from poison.
   Stlth:     It makes you less stealthy.
 l - the ring of the Louse (right tentacle) {rCorr Str+3 Int+6 Slay+5 Stlth-}
   (You acquired it on level 4 of the Dungeon)

   [ring of intelligence]

   Str:       It affects your strength (+3).
   Int:       It affects your intelligence (+6).
   Slay:      It affects your accuracy & damage with ranged weapons and melee
   (+5).
   rCorr:     It protects you from acid and corrosion.
   Stlth:     It makes you less stealthy.
 n - a ring of protection from fire (on tentacle)
 y - a ring of poison resistance
 E - a ring of positive energy (on tentacle)
 G - an amulet of guardian spirit (around mantle)
 V - a +6 ring of intelligence
Wands
 i - a wand of polymorph (22)
 s - a wand of mindburst (15)
 O - a wand of flame (14)
Scrolls
 j - a scroll of fog
 q - 3 scrolls of fear {unknown}
 r - a scroll of torment {unknown}
 t - 2 scrolls of amnesia {unknown}
 v - a scroll of vulnerability {unknown}
 x - a scroll of acquirement
 F - a scroll of noise {unknown}
 I - 3 scrolls of enchant armour {unknown}
 L - a scroll of blinking {unknown}
 P - 4 scrolls of identify
 Q - a scroll of immolation {unknown}
 S - a scroll of magic mapping
 T - 2 scrolls of teleportation
 U - a scroll of enchant weapon {unknown}
Potions
 b - a potion of lignification
 c - a potion of attraction
 d - 4 potions of mutation
 e - 5 potions of flight
 m - 6 potions of curing
 u - a potion of cancellation
 C - 2 potions of berserk rage {unknown}
 H - 4 potions of heal wounds {unknown}
 J - a potion of brilliance {unknown}
 K - a potion of resistance
 N - 3 potions of haste {unknown}
 R - a potion of magic {unknown}
Miscellaneous
 p - a phantom mirror


   Skills:
 - Level 5.0 Fighting
 - Level 12.4 Short Blades
 - Level 3.3 Throwing
 - Level 8.9 Dodging
 - Level 13.2 Stealth
 - Level 3.0 Unarmed Combat
 + Level 6.2 Spellcasting
 - Level 6.3 Hexes
 + Level 2.0 Necromancy
 - Level 6.3 Ice Magic
 + Level 2.0 Earth Magic


You had 16 spell levels left.
You knew the following spells:

 Your Spells              Type           Power      Damage    Failure   Level
a - Ensorcelled Hibernat  Hex/Ice        60%        N/A       1%          2
b - Borgnjor's Vile Clut  Necr/Erth      6%         N/A       78%         5

Your spell library contained the following spells:

 Spells                   Type           Power      Damage    Failure   Level
 Tukima's Dance           Hex            30%        N/A       2%          3
 Magic Dart               Conj           20%        1d4       11%         1
 Searing Ray              Conj           10%        3d3       17%         2
 Fulminant Prism          Conj/Hex       9%         3d7       28%         4
 Spider Form              Tmut/Pois      2%         N/A       32%         3
 Animate Dead             Necr           6%         N/A       43%         4
 Silence                  Hex/Air        9%         N/A       63%         5
 Yara's Violent Unravell  Hex/Tmut       9%         3d6       63%         5
 Passage of Golubria      Tloc           N/A        N/A       73%         4
 Death Channel            Necr           6%         N/A       100%        6
 Shadow Creatures         Summ           N/A        N/A       100%        6
 Lehudib's Crystal Spear  Conj/Erth      4%         10d3      100%        8


Dungeon Overview and Level Annotations

Branches:
Dungeon (10/15)            Temple (1/1) D:4            Lair (3/6) D:8
  Swamp (0/4) Lair:3        Snake (0/4) Lair:3        Sewer (visited)
  IceCv (visited)
    Orc: D:9-12

Altars:
Ashenzari
Cheibriados
Dithmenos
Elyvilon
Fedhas
Gozag
Hepliaklqana
Kikubaaqudgha
Makhleb
Nemelex Xobeh
Okawaru
Qazlal
Ru
Sif Muna
Trog
Uskayaw
Vehumet
Wu Jian
Xom
Zin
The Shining One

Shops:
D:3 =


Innate Abilities, Weirdness & Mutations

You cannot wear most types of armour.
You are amphibious.
You can wear up to eight rings at the same time.
Your skin changes colour to match your surroundings (Stealth+).
Your rubbery body absorbs attacks. (AC +1, EV +1)
((You are camouflaged near water. (Stealth+)))
You have tentacles for arms and can constrict up to eight enemies at once.


Message History

The boulder beetle is heavily wounded.
The boulder beetle hits you!!!
Ouch! That really hurt!
The boulder beetle stops rolling and uncurls.
You are too injured to fight recklessly!
You are too injured to fight recklessly!
You are too injured to fight recklessly!
You are too injured to fight recklessly!
You hit the boulder beetle but do no damage.
The boulder beetle is heavily wounded.
You hit the boulder beetle but do no damage.
You squeeze the boulder beetle!
The boulder beetle is heavily wounded.
The boulder beetle bites you!!
* * * LOW HITPOINT WARNING * * *
You hit the boulder beetle but do no damage.
The boulder beetle is heavily wounded.
You hit the boulder beetle but do no damage.
The boulder beetle is heavily wounded.
The boulder beetle bites you!
* * * LOW HITPOINT WARNING * * *
Okay, then.
You are confused.
You feel invigorated.
The boulder beetle completely misses you.
The boulder beetle barely misses you.
The boulder beetle curls into a ball and begins rolling!
You feel less invigorated.
You feel less confused. The boulder beetle hits you!!
* * * LOW HITPOINT WARNING * * *
The boulder beetle stops rolling and uncurls.
Okay, then.
As you read the scroll of teleportation, it crumbles to dust.
You feel strangely unstable.
The boulder beetle completely misses you.
You are confused.
You feel invigorated. The boulder beetle bites you!!
You die...
Your body crumbles into a pile of gold.

......P...###P....
#....................
.....#.......#......##
#....................
#.......+#...P......##
.....................###
P......................#
#.............##..P....###
......#.........@........#
................B.≈§§§...#
......#..#...###.≈§♣§§..#
.^......#......#.§§§§♣..#
........#......P$§§♣§§§.P#
.P#..........<...§§§♣§.###
. #.....P..$...P.§§§§§##
#...#..P.....#......#
#...#..............##


You could see a boulder beetle.

Vanquished Creatures
  2 hydras (Lair:2)
  A two-headed ogre (D:6)
  Nergalle (Lair:3)
  2 bog bodies (Lair:3)
  2 black mambas
  An elephant (D:8)
  Maurice (D:8)
  2 cane toads
  2 rime drakes (Lair:1)
  4 komodo dragons
  2 trolls (D:9)
  A polar bear (Lair:2)
  4 wyverns
  15 yaks
  2 basilisks
  2 steam dragons
  2 nagas (Lair:3)
  7 water moccasins
  A sky beast (D:8)
  3 orc warriors
  2 black bears (D:8)
  15 wolves
  8 centaurs
  2 ogres
  3 bullfrogs
  3 scorpions
  A wyvern zombie (D:9)
  A gnoll sergeant (D:5)
  2 water moccasin zombies
  4 killer bees (D:8)
  12 wights
  2 howler monkeys
  4 electric eels (Lair:3)
  6 centaur zombies
  2 jellies
  A centaur skeleton (D:5)
  4 orc priests
  Jessica (D:2)
  4 scorpion zombies (D:5)
  4 iguanas
  6 orc wizards
  A killer bee zombie (D:5)
  A hound zombie (D:5)
  2 hound skeletons
  2 howler monkey zombies
  7 gnolls (D:5)
  9 adders
  A howler monkey skeleton (D:7)
  A shadow imp (D:5)
  4 white imps
  An adder skeleton (D:5)
  2 worms
  15 orcs
  8 bats
  7 endoplasms
  9 giant cockroaches
  8 goblins
  11 hobgoblins
  2 jackals (D:3)
  9 kobolds
  6 quokkas
  15 ball pythons
  14 frilled lizards
  5 rats
284 creatures vanquished.

Vanquished Creatures (collateral kills)
  Erica (D:8)
1 creature vanquished.

Vanquished Creatures (others)
  13 fungi
  14 plants
27 creatures vanquished.

Grand Total: 312 creatures vanquished

Notes
Turn   | Place    | Note
-------+----------+-------------------------------------------
     0 | D:1      | psellion the Octopode Monk began the quest for the Orb.
     0 | D:1      | Reached XP level 1. HP: 16/16 MP: 1/1
   125 | D:1      | Reached skill level 3 in Stealth
   180 | D:1      | Reached XP level 2. HP: 15/21 MP: 2/2
   703 | D:2      | Reached XP level 3. HP: 26/26 MP: 3/3
   745 | D:2      | Reached skill level 4 in Stealth
  1310 | D:2      | Found a faded altar of an unknown god.
  1493 | D:2      | Reached skill level 1 in Short Blades
  1501 | D:2      | Reached XP level 4. HP: 20/33 MP: 4/4
  1765 | D:2      | Noticed Jessica
  1772 | D:2      | Killed Jessica
  2164 | D:2      | Reached XP level 5. HP: 34/37 MP: 5/5
  2286 | D:3      | Found Cyruwa's Jewellery Shop.
  2296 | D:3      | Reached skill level 5 in Stealth
  2831 | D:3      | Found a sacrificial altar of Ru.
  3028 | D:4      | Identified 3 scrolls of acquirement
  3033 | D:4      | Acquired the ring of Mysticism {rPois rF+ Slay+6 Stlth-}
  3035 | D:4      | Acquired a manual of Short Blades
  3036 | D:4      | Acquired the ring of the Louse {rCorr Str+3 Int+6 Slay+5
                  | Stlth-}
  3058 | D:4      | Reached XP level 6. HP: 28/44 MP: 6/6
  3136 | D:4      | Found a glowing drain.
  3151 | Sewer    | Entered a sewer
  3253 | Sewer    | Reached skill level 6 in Stealth
  3254 | Sewer    | Reached skill level 5 in Fighting
  3266 | Sewer    | Identified the +10 mace "Lagotec" {vamp, Contam rN++ Str+6}
  3480 | D:4      | Reached skill level 7 in Stealth
  3480 | D:4      | Reached XP level 7. HP: 50/50 MP: 7/7
  3566 | D:4      | Reached skill level 5 in Short Blades
  3670 | D:4      | Found a staircase to the Ecumenical Temple.
  3682 | Temple   | Entered the Ecumenical Temple
  3720 | Temple   | Became a worshipper of Gozag Ym Sagoz the Greedy
  4140 | D:5      | Entered Level 5 of the Dungeon
  4254 | D:5      | Reached skill level 8 in Stealth
  4492 | D:5      | Reached XP level 8. HP: 55/55 MP: 8/8
  4659 | D:5      | Reached skill level 9 in Stealth
  4986 | D:5      | Reached skill level 1 in Throwing
  5358 | D:6      | Noticed a two-headed ogre
  5368 | D:6      | Killed a two-headed ogre
  5369 | D:6      | Reached skill level 10 in Stealth
  5369 | D:6      | Reached XP level 9. HP: 34/61 MP: 9/9
  6346 | D:7      | Reached skill level 10 in Short Blades
  6346 | D:7      | Reached skill level 11 in Stealth
  6375 | D:7      | Identified the +5 rapier of Histrionic Guilt {vorpal, *Rage
                  | Str+3 Int+4}
  6738 | D:7      | Reached skill level 5 in Dodging
  7296 | D:8      | Noticed Maurice
  7298 | D:8      | Reached XP level 10. HP: 66/66 MP: 10/10
  7318 | D:8      | Reached skill level 12 in Stealth
  7319 | D:8      | Noticed Erica
  7330 | D:8      | Found a burning altar of Makhleb.
  7330 | D:8      | Found an ancient bone altar of Kikubaaqudgha.
  7330 | D:8      | Found a hazy altar of Hepliaklqana.
  7330 | D:8      | Found a glowing golden altar of the Shining One.
  7330 | D:8      | Found a bloodstained altar of Trog.
  7330 | D:8      | Found a blossoming altar of Fedhas.
  7587 | D:8      | Noticed a skeletal warrior
  7588 | D:8      | Noticed a green ugly thing
  7589 | D:8      | Noticed a two-headed ogre
  7589 | D:8      | Noticed a cyclops
  7589 | D:8      | Noticed a two-headed ogre
  7590 | D:8      | Noticed a deep elf pyromancer
  7593 | D:8      | Noticed an elephant
  7603 | D:8      | Killed an elephant
  7676 | D:8      | Identified the +4 whip of Awkwardness {vamp, rF+}
  7874 | D:8      | Killed Maurice
  7937 | D:8      | Noticed a five-headed hydra
  7939 | D:8      | Identified the ring "Huxtu" {rElec rN+ rCorr Str+2 Stlth+}
  8028 | D:8      | Found a staircase to the Lair.
  8105 | D:8      | Killed Erica
  8627 | D:9      | Reached skill level 13 in Stealth
  8935 | D:9      | Found a broken altar of Ashenzari.
  8960 | D:9      | Reached XP level 11. HP: 71/71 MP: 11/11
  9069 | D:9      | Learned a level 2 spell: Ensorcelled Hibernation
  9112 | D:9      | Found a white marble altar of Elyvilon.
  9153 | D:9      | Reached skill level 1 in Hexes
  9153 | D:9      | Reached skill level 1 in Ice Magic
  9168 | D:9      | Reached skill level 1 in Spellcasting
  9442 | D:10     | Entered Level 10 of the Dungeon
  9528 | D:10     | Found a shadowy altar of Dithmenos.
  9579 | D:10     | Noticed a two-headed ogre
 10129 | Lair:1   | Entered Level 1 of the Lair of Beasts
 10238 | Lair:1   | Found a frozen archway.
 10244 | IceCv    | Entered an ice cave
 11250 | Lair:2   | Noticed a five-headed hydra
 11282 | Lair:2   | Killed a one-headed hydra
 11326 | Lair:2   | Reached skill level 5 in Ice Magic
 11334 | Lair:2   | Reached skill level 5 in Hexes
 11433 | Lair:2   | Reached XP level 12. HP: 56/77 MP: 12/19
 11570 | Lair:2   | Noticed a six-headed hydra
 11578 | Lair:2   | Killed a three-headed hydra
 11579 | Lair:2   | Reached skill level 5 in Spellcasting
 12030 | Lair:2   | Noticed an eight-headed hydra
 12168 | Lair:3   | Noticed Nergalle
 12174 | Lair:3   | Found a staircase to the Snake Pit.
 12175 | Lair:3   | Killed Nergalle
 12496 | Lair:3   | Learned a level 5 spell: Borgnjor's Vile Clutch
 12636 | Lair:3   | Reached skill level 1 in Necromancy
 12636 | Lair:3   | Reached skill level 1 in Earth Magic
 12709 | Lair:3   | Noticed a boulder beetle
 12715 | Lair:3   | Found a staircase to the Swamp.
 12754 | Lair:3   | Slain by a boulder beetle

Illustrated notes

Levels and vault maps discovered:
D:1:      amcnicky_arrival_gap_in_the_tavern_cellar, layout_rooms
D:2:      cheibrodos_greedy_goblins, layout_loops_ring,
          shapermc_ecumenical_altar_mp_urbaneastern, kennysheep_donut,
          uniq_jessica
D:3:      layout_loops_ring, nicolae_ru_great_annihilating_truth, serial_shops,
          shop, minmay_surrounded
D:4:      layout_loops_cross, minmay_temple_entry_statues_fountains,
          cheibrodos_sewer_entry_sluice, grunt_ministairs_12,
          grunt_decor_junction
D:5:      layout_loops_cross, serial_undead, serial_undead_e, serial_undead_f,
          serial_undead_a, serial_undead_d
D:6:      layout_basic
D:7:      layout_gridville, minmay_statues_item, minmay_misc_feat_room
D:8:      layout_basic, grunt_temple_overflow_open, david_lair_generic,
          minivault_12, uniq_maurice, uniq_erica
D:9:      layout_loops_ring, cheibrodos_ashenzari_chains,
          mainiacjoe_overflow_paths, corexii_corridor_pit, glass_columns_c
D:10:     layout_cave_pools, nicolae_dithmenos_shadow_blocks, david_orc_4,
          kennysheep_doodads
Temple:   minmay_temple_bridge_abc
Lair:1:   layout_loops_ring, portal_ice_cave_rime
Lair:2:   nzn_winding_woodlands_three_and_one
          [nzn_winding_woodlands_5x15_default,
          nzn_winding_woodlands_5x15_sidewinder,
          nzn_winding_woodlands_5x15_crooked,
          nzn_winding_woodlands_center_diamonds], layout_small_grid
Lair:3:   layout_chaotic_city, skrybe_swamp_entry_bodies,
          guppyfry_snake_entry_island, disabler_island, uniq_nergalle

Skill      XL: |  1  2  3  4  5  6  7  8  9 10 11 12 |
---------------+-------------------------------------+-----
Stealth        | 3 4 5 7 8 10 11 13 | 13.2
Short Blades   | 1 3 4 7 9 10 12 | 12.4
Fighting       | 4 5 |  5.0
Throwing       | 3 |  3.3
Dodging        | 5 8 |  8.9
Hexes          | 5 6 |  6.3
Ice Magic      | 5 6 |  6.3
Spellcasting   | 4 6 |  6.2
Necromancy     | 2 |  2.0
Earth Magic    | 2 |  2.0
Unarmed Combat | |  3.0

Action                   |  1- 3 |  4- 6 |  7- 9 | 10-12 || total
-------------------------+-------+-------+-------+-------++-------
Melee: Unarmed           |    87 |    40 |       |       ||   127
       Constrict         |    22 |    29 |    34 |    48 ||   133
       Tentacles         |    14 |    16 |    31 |   104 ||   165
       Punch             |     2 |     2 |       |     9 ||    13
       Dagger            |       |    73 |   158 |   343 ||   574
       Scimitar          |       |       |       |    13 ||    13
Throw: Dart              |       |       |    42 |    21 ||    63
 Cast: Ensorcelled Hiber |       |       |       |     4 ||     4
Evoke: Wand              |       |       |     2 |     9 ||    11
       Phantom mirror    |       |       |     1 |     1 ||     2
  Use: Scroll            |       |     8 |     3 |     6 ||    17
       Potion            |       |       |       |     2 ||     2
 Stab: Sleeping          |    17 |    11 |    12 |    10 ||    50
       Paralysed         |       |     1 |       |       ||     1
       Distracted        |       |       |     3 |     5 ||     8
Armor: Skin              |     2 |    12 |     7 |     3 ||    24
Dodge: Dodged            |    41 |    69 |    77 |   172 ||   359

Table legend: (Time is in decaauts)
 A = Elapsed time spent in this place.
 B = Non-inter-level travel time spent in this place.
 C = Inter-level travel time spent in this place.
 D = Time resting spent in this place.
 E = Time spent auto-exploring this place.
 F = Levels seen in this place.
 G = Mean time per level.
                   A        B        C        D        E       F      G
               +--------+--------+--------+--------+--------+-----+--------+
         Total |  12501 |  12103 |    398 |   2404 |   6356 |  16 |  781.3 |
       Dungeon |   9593 |   9233 |    360 |   1918 |   4689 |  10 |  959.3 |
        Temple |     57 |     57 |      0 |      0 |     29 |   1 |   57.0 |
          Lair |   2494 |   2456 |     38 |    364 |   1596 |   3 |  831.3 |
         Sewer |    321 |    321 |      0 |    122 |     42 |   1 |  321.0 |
      Ice Cave |     34 |     34 |      0 |      0 |      0 |   1 |   34.0 |
               +--------+--------+--------+--------+--------+-----+--------+

Top non-repeatable levels by time:
     D:9: 1487 daAuts
     D:6: 1326 daAuts
     D:2: 1316 daAuts
     D:5: 1186 daAuts
  Lair:1: 1026 daAuts
     D:1: 935 daAuts
     D:8: 877 daAuts
  Lair:2: 814 daAuts
     D:3: 758 daAuts
     D:7: 758 daAuts
     D:4: 726 daAuts
  Lair:3: 653 daAuts
   Sewer: 321 daAuts
    D:10: 219 daAuts
  Temple: 57 daAuts
